AoeStats
← LaUlrich

Arabia

510141026Analyzed
2v2 RM · 1d ago on Sep 29, 2026· 48m 6s· 4 players
Game mode
Random Map
Map size
Medium (4 player)
Population
200
Speed
Normal
Resources
Standard
Victory
Conquest
Starting age
Dark Age
Ending age
Imperial Age
RankedLock teamsTeams togetherTeam positionsShared explorationLock speedFull tech treeHidden civsTurbo modeCheats
Victory
Defeat
🇬🇧 Varangians · United Kingdom
1138
+17
🇬🇧 Vietnamese · United Kingdom
1079
+19
1206
-20
🇲🇽 Franks · Mexico
1105
-16
ScrambledEgg
6:26 Loom
9:27 Feudal Age
9:55 Double-Bit Axe
14:10 Bloodlines
19:46 Castle Age
18:08 Forging
18:50 Scale Barding Armor
19:00 Horse Collar
20:33 Husbandry
20:57 Chain Barding Armor
22:44 Scale Mail Armor
25:17 Iron Casting
27:08 Bow Saw
27:04 Gold Mining
30:34 Heavy Plow
30:30 Arson
31:13 Chain Mail Armor
32:58 Wheelbarrow
36:59 Imperial Age
34:46 Hand Cart
35:27 Town Watch
36:14 Fletching
37:02 Bodkin Arrow
37:01 Cavalier
39:49 Plate Mail Armor
40:20 Blast Furnace
39:55 Plate Barding Armor
39:27 Elite Varangian Guard
41:33 Bracer
42:00 Conscription
bazza
10:06 Feudal Age
9:13 Loom
13:57 Double-Bit Axe
15:13 Fletching
17:33 Wheelbarrow
23:22 Castle Age
21:53 Horse Collar
22:05 Gold Mining
23:28 Crossbowman
25:11 Bow Saw
25:12 Stone Mining
26:04 Thumb Ring
25:58 Bodkin Arrow
31:05 Hand Cart
30:54 Heavy Plow
31:31 Stone Shaft Mining
34:34 Padded Archer Armor
34:37 Town Watch
36:25 Ballistics
36:02 Murder Holes
40:00 Imperial Age
40:07 Town Patrol
39:37 Elite Skirmisher
42:09 Paper Money
41:53 Bracer
43:05 Chemistry
42:46 Heavy Cavalry Archer
44:29 Leather Archer Armor
46:11 Two-Man Saw
45:43 Crop Rotation
LaUlrich
8:33 Loom
11:27 Feudal Age
16:39 Double-Bit Axe
19:33 Castle Age
19:30 Forging
23:33 Husbandry
23:59 Scale Barding Armor
26:34 Iron Casting
27:01 Chain Barding Armor
28:14 Pikeman
29:50 Wheelbarrow
29:01 Town Watch
29:23 Scale Mail Armor
30:21 Gold Mining
34:42 Bow Saw
34:52 Chain Mail Armor
42:58 Imperial Age
43:15 Cavalier
youtube.com/@Radio_Latex
4:34 Double-Bit Axe
6:41 Horse Collar
8:04 Loom
11:14 Feudal Age
12:14 Bow Saw
18:10 Castle Age
16:12 Stone Mining
16:39 Heavy Plow
25:52 Wheelbarrow
29:35 Scale Barding Armor
31:28 Chain Barding Armor
31:41 Burgundian Vineyards
33:04 Hand Cart
36:30 Imperial Age
34:57 Forging
35:38 Husbandry
37:05 Ballistics
38:07 Conscription
39:29 Chemistry
38:21 Fletching
39:32 Elite Coustillier
40:59 Plate Barding Armor
42:00 Town Watch
41:47 Light Cavalry
47:27 Elite Skirmisher
Connection lost

Rejoining the realm…

Still unreachable

The connection could not be restored.

Session expired

The server has moved on; the page needs a fresh start.